NASHVILLE Predators vs VEGAS Golden Knights

Created - 19 mars 2024 at 10:51

Goals
1 2 3 T
NASHVILLE Predators 1 1 1 3
VEGAS Golden Knights 2 0 0 2
Shots
1 2 3 T
NASHVILLE Predators 10 16 9 35
VEGAS Golden Knights 10 9 6 25

1st period

1. VEGAS Golden Knights , Filip Chytil 13 (Noah Hanifin 28, Tomas Tatar 19) at 1:07 (PP)
2. VEGAS Golden Knights , Olli Maatta 4 (Alex Killorn 26, Noel Acciari 4) at 13:06 (SH)
3. NASHVILLE Predators , Jaccob Slavin 11 (Brent Burns 25, Johnny Gaudreau 22) at 15:12 (PP)

Penalties :
Luke Schenn (NSH) for Roughing (Minor) at 0:45, Noah Hanifin (VGK) for Slashing (Minor) at 1:58, Adam Larsson (VGK) for High sticking (Minor) at 11:58, Jordan Oesterle (VGK) for Cross-checking (Minor) at 14:50

2nd period

4. NASHVILLE Predators , Jean-Gabriel Pageau 8 (Brent Burns 26, Jimmy Vesey 6) at 2:30

Penalties :
Alex Killorn (VGK) for Holding (Minor) at 3:48, Dmitry Kulikov (NSH) for Interference (Minor) at 9:22, Noel Acciari (VGK) for Delaying the game (Minor) at 11:28, Dylan Larkin (NSH) for Tripping (Minor) at 15:17, Johnny Gaudreau (NSH) for High sticking (Minor) at 17:57

3rd period

5. NASHVILLE Predators , Tanner Jeannot 9 (Alex DeBrincat 16, Brent Burns 27) at 0:10

Penalties :
Pavel Zacha (NSH) for Roughing (Minor) at 1:02, Tanner Jeannot (NSH) for Delaying the game (Minor) at 13:14

Goalie Stats

Juuse Saros (NSH), 23 saves from 25 shots - (0,920), W, 37-14-5, 60:00 minutes
Anton Forsberg (VGK), 32 saves from 35 shots - (0,914), L, 25-25-5, 58:53 minutes

Players Stats for NASHVILLE Predators

Player Name              G  A  P  +/- PIM S  H  SB GA TA FO     MP     PP MP  PK MP  
------------------------------------------------------------------------------------
Aleksander Barkov        0  0  0   0  0   6  1  0  0  0  15/31  21:08   4:40   1:38 
Alex DeBrincat           0  1  1   0  0   3  2  0  0  0  1/2    20:53   4:40   1:23 
Brent Burns              0  3  3   1  0   2  0  0  0  0  0/0    23:24   5:15   0:00 
Dmitry Kulikov           0  0  0   0  2   0  0  2  0  0  0/0    11:49   0:00   0:22 
Dylan Gambrell           0  0  0   0  0   0  0  0  0  0  2/4     6:37   0:00   0:00 
Dylan Larkin             0  0  0   0  2   2  1  0  0  0  8/20   15:53   3:38   0:00 
Esa Lindell              0  0  0   0  0   2  0  4  0  0  0/0    22:13   3:03   5:15 
Jaccob Slavin            1  0  1   1  0   2  1  1  0  0  0/0    26:19   5:15   5:02 
Jean-Gabriel Pageau      1  0  1   1  0   4  3  0  0  0  11/19  14:46   0:33   6:31 
Jimmy Vesey              0  1  1   1  0   1  0  0  0  0  0/2    10:36   0:00   2:54 
Johnny Gaudreau          0  1  1  -1  2   5  1  0  0  0  1/1    17:06   4:07   0:44 
Jonatan Berggren         0  0  0   0  0   0  0  0  0  0  1/1     6:37   0:00   0:00 
Luke Schenn              0  0  0   0  2   0  3  1  0  0  0/0    16:40   0:00   4:53 
Nicholas Robertson       0  0  0   0  0   0  1  0  0  0  0/0     6:37   0:00   0:00 
Pavel Zacha              0  0  0   0  2   4  5  1  0  0  2/6    18:01   3:38   2:08 
Reilly Smith             0  0  0   1  0   1  1  0  0  0  0/0    12:11   3:38   0:00 
Tanner Jeannot           1  0  1   1  2   2  3  0  0  0  0/0    19:14   0:00   5:16 
Travis Hamonic           0  0  0   0  0   1  2  0  0  0  0/0    19:33   3:03   5:02 

Players Stats for VEGAS Golden Knights

Player Name              G  A  P  +/- PIM S  H  SB GA TA FO     MP     PP MP  PK MP  
------------------------------------------------------------------------------------
Adam Larsson             0  0  0  -1  2   1  5  5  0  0  0/0    20:05   0:00   4:11 
Alex Killorn             0  1  1   0  2   2  1  1  0  0  0/3    19:41   5:48   2:32 
Andrei Svechnikov        0  0  0  -1  0   1  2  0  0  0  0/0    17:23   6:19   0:00 
Brenden Dillon           0  0  0   1  0   0  4  2  0  0  0/0    14:21   0:00   4:08 
Colton Sissons           0  0  0   0  0   4  2  0  0  0  18/37  18:54   4:29   5:00 
Devin Shore              0  0  0   0  0   0  0  0  0  0  0/0     7:37   0:00   1:21 
Evgenii Dadonov          0  0  0   0  0   1  0  0  0  0  1/1     9:25   0:00   0:00 
Filip Chytil             1  0  1   0  0   3  1  0  0  0  0/0    13:54   4:29   0:00 
Jared McCann             0  0  0  -1  0   1  0  0  0  0  2/3    20:28   5:48   0:00 
Jordan Oesterle          0  0  0   0  2   0  1  0  0  0  0/0    11:16   0:00   1:04 
Mikael Granlund          0  0  0  -1  0   2  0  0  0  0  4/8    16:09   3:58   1:07 
Noah Hanifin             0  1  1  -1  2   1  6  1  0  0  0/0    24:18   6:19   2:43 
Noel Acciari             0  1  1   1  2   1  1  0  0  0  6/8     8:26   0:00   2:11 
Olli Maatta              1  0  1   0  0   2  1  3  0  0  0/0    20:11   0:00   4:16 
Phil Di Giuseppe         0  0  0   0  0   0  0  0  0  0  0/0     6:16   0:00   0:00 
Sebastian Aho            0  0  0  -1  0   3  1  0  0  0  14/25  24:53   5:48   4:25 
Tomas Tatar              0  1  1  -1  0   2  1  0  0  0  0/1    18:51   4:29   0:00 
Tony DeAngelo            0  0  0  -1  0   1  4  1  0  0  0/0    19:29   3:58   0:14 

3 Stars

1 - Brent Burns (NSH)
2 - Jean-Gabriel Pageau (NSH)
3 - Jaccob Slavin (NSH)

Power Play

NASHVILLE Predators - 1 on 5 Attempt(s) - 20,00%
VEGAS Golden Knights - 1 on 6 Attempt(s) - 16,67%

Penalty Kill

NASHVILLE Predators - 5 on 6 Attempt(s) - 83,33% - Score 0 goal in Penalty Kill
VEGAS Golden Knights - 4 on 5 Attempt(s) - 80,00% - Score 1 goal in Penalty Kill

Team Stat

NASHVILLE Predators - Hits : 24 - Faceoff Wins : 41 - Blocked Shots : 9 - Penalty Minutes : 12
VEGAS Golden Knights - Hits : 30 - Faceoff Wins : 45 - Blocked Shots : 13 - Penalty Minutes : 10

Official

Referees : Corey Syvret and Wes McCauley
Linesman : Bevan Mills and Justin Johnson

Game Notes

No Game Note

Finance

Level 1 -- Attendance: 5313 (88,55%) -- Ticket Income $531,300
Level 2 -- Attendance: 4378 (87,56%) -- Ticket Income $262,680
Level 3 -- Attendance: 1868 (93,40%) -- Ticket Income $65,380
Level 4 -- Attendance: 3110 (77,75%) -- Ticket Income $77,750
Luxury Box -- Attendance: 761 (76,10%) -- Ticket Income $152,200
Game was played at the T-Mobile Arena.
Total Attendance: 15430 (85,72%)
Total Ticket Income: $1,089,310
Other Income: $272,328
Total Income: $1,361,638

NASHVILLE Predators

5 vs 5 Forward 
   Center                   Left Wing                Right Wing               Time % Phy DF OF 
 1 Aleksander Barkov        Alex DeBrincat           Tanner Jeannot           40     0   2  3  
 2 Dylan Larkin             Johnny Gaudreau          Pavel Zacha              30     0   2  3  
 3 Jean-Gabriel Pageau      Jimmy Vesey              Reilly Smith             20     2   2  1  
 4 Dylan Gambrell           Nicholas Robertson       Jonatan Berggren         10     1   2  2  

5 vs 5 Defense 
   Defense                  Defense                                           Time % Phy DF OF 
 1 Brent Burns              Jaccob Slavin                                     40     0   3  2  
 2 Esa Lindell              Luke Schenn                                       30     1   2  2  
 3 Travis Hamonic           Dmitry Kulikov                                    20     1   3  1  
 4 Esa Lindell              Brent Burns                                       10     1   2  2  

PowerPlay Forward 
   Center                   Left Wing                Right Wing               Time % Phy DF OF 
 1 Aleksander Barkov        Johnny Gaudreau          Alex DeBrincat           60     0   1  4  
 2 Dylan Larkin             Reilly Smith             Pavel Zacha              40     0   1  4  

PowerPlay Defense
   Defense                  Defense                                           Time % Phy DF OF 
 1 Brent Burns              Jaccob Slavin                                     60     1   1  3  
 2 Esa Lindell              Travis Hamonic                                    40     1   1  3  

Penalty Kill 4 Players Forward 
   Center                   Wing                     Time % Phy DF OF 
 1 Jean-Gabriel Pageau      Tanner Jeannot           60     1   3  1  
 2 Pavel Zacha              Jimmy Vesey              40     1   3  1  

Penalty Kill 4 Players Defense
   Defense                  Defense                  Time % Phy DF OF 
 1 Travis Hamonic           Jaccob Slavin            60     1   3  1  
 2 Esa Lindell              Luke Schenn              40     1   3  1  

Penalty Kill - 3 Players Forward 
   Forward                                           Time % Phy DF OF 
 1 Aleksander Barkov                                 60     1   3  1  
 2 Jean-Gabriel Pageau                               40     1   3  1  

Penalty Kill - 3 Players Defense
   Defense                  Defense                  Time % Phy DF OF 
 1 Brent Burns              Jaccob Slavin            60     1   3  1  
 2 Esa Lindell              Luke Schenn              40     1   3  1  

4 vs 4 Forward 
   Center                   Wing                     Time % Phy DF OF 
 1 Aleksander Barkov        Alex DeBrincat           60     1   2  2  
 2 Dylan Larkin             Johnny Gaudreau          40     1   2  2  

4 vs 4 Defense
   Defense                  Defense                  Time % Phy DF OF 
 1 Brent Burns              Jaccob Slavin            60     1   2  2  
 2 Esa Lindell              Luke Schenn              40     1   2  2  

Last Minutes Offensive
   Center                   Left Wing                Right Wing               Defense                  Defense                  
   Aleksander Barkov        Alex DeBrincat           Reilly Smith             Brent Burns              Jaccob Slavin            

Last Minutes Defensive
   Center                   Left Wing                Right Wing               Defense                  Defense                  
   Aleksander Barkov        Alex DeBrincat           Reilly Smith             Brent Burns              Jaccob Slavin            

Goaltenders
Starting : Juuse Saros              
Backup : Charlie Lindgren         

Extra Forwards
Normal : Jean-Gabriel Pageau, Jimmy Vesey, Tanner Jeannot - PP : Jean-Gabriel Pageau, Jimmy Vesey - PK : Tanner Jeannot
Extra Defensemen
Normal : Travis Hamonic, Dmitry Kulikov, Luke Schenn - PP : Travis Hamonic - PK : Dmitry Kulikov, Luke Schenn
Penalty Shots
Alex DeBrincat, Dylan Larkin, Johnny Gaudreau, Aleksander Barkov, Reilly Smith

Scratches
None

VEGAS Golden Knights

5 vs 5 Forward 
   Center                   Left Wing                Right Wing               Time % Phy DF OF 
 1 Sebastian Aho            Jared McCann             Tomas Tatar              36     1   2  2  
 2 Mikael Granlund          Andrei Svechnikov        Alex Killorn             30     1   2  2  
 3 Colton Sissons           Filip Chytil             Evgenii Dadonov          25     1   2  2  
 4 Noel Acciari             Phil Di Giuseppe         Devin Shore              9      1   2  2  

5 vs 5 Defense 
   Defense                  Defense                                           Time % Phy DF OF 
 1 Adam Larsson             Olli Maatta                                       40     1   2  2  
 2 Noah Hanifin             Tony DeAngelo                                     33     1   2  2  
 3 Brenden Dillon           Jordan Oesterle                                   22     1   2  2  
 4 Adam Larsson             Noah Hanifin                                      5      1   2  2  

PowerPlay Forward 
   Center                   Left Wing                Right Wing               Time % Phy DF OF 
 1 Sebastian Aho            Jared McCann             Alex Killorn             65     0   1  4  
 2 Colton Sissons           Filip Chytil             Tomas Tatar              35     0   2  3  

PowerPlay Defense
   Defense                  Defense                                           Time % Phy DF OF 
 1 Andrei Svechnikov        Noah Hanifin                                      65     0   1  4  
 2 Mikael Granlund          Tony DeAngelo                                     35     0   2  3  

Penalty Kill 4 Players Forward 
   Center                   Wing                     Time % Phy DF OF 
 1 Colton Sissons           Sebastian Aho            60     1   3  1  
 2 Noel Acciari             Alex Killorn             40     1   3  1  

Penalty Kill 4 Players Defense
   Defense                  Defense                  Time % Phy DF OF 
 1 Adam Larsson             Brenden Dillon           60     1   3  1  
 2 Noah Hanifin             Olli Maatta              40     1   3  1  

Penalty Kill - 3 Players Forward 
   Forward                                           Time % Phy DF OF 
 1 Colton Sissons                                    60     0   5  0  
 2 Sebastian Aho                                     40     0   5  0  

Penalty Kill - 3 Players Defense
   Defense                  Defense                  Time % Phy DF OF 
 1 Adam Larsson             Noah Hanifin             60     0   5  0  
 2 Brenden Dillon           Olli Maatta              40     0   5  0  

4 vs 4 Forward 
   Center                   Wing                     Time % Phy DF OF 
 1 Sebastian Aho            Alex Killorn             60     1   2  2  
 2 Mikael Granlund          Jared McCann             40     1   2  2  

4 vs 4 Defense
   Defense                  Defense                  Time % Phy DF OF 
 1 Adam Larsson             Tony DeAngelo            60     1   2  2  
 2 Noah Hanifin             Brenden Dillon           40     1   2  2  

Last Minutes Offensive
   Center                   Left Wing                Right Wing               Defense                  Defense                  
   Sebastian Aho            Jared McCann             Alex Killorn             Tony DeAngelo            Noah Hanifin             

Last Minutes Defensive
   Center                   Left Wing                Right Wing               Defense                  Defense                  
   Sebastian Aho            Colton Sissons           Alex Killorn             Adam Larsson             Noah Hanifin             

Goaltenders
Starting : Anton Forsberg           
Backup : Pyotr Kochetkov          

Extra Forwards
Normal : Jared McCann, Sebastian Aho, Alex Killorn - PP : Sebastian Aho, Mikael Granlund - PK : Colton Sissons
Extra Defensemen
Normal : Adam Larsson, Noah Hanifin, Brenden Dillon - PP : Tony DeAngelo - PK : Adam Larsson, Noah Hanifin
Penalty Shots
Sebastian Aho, Jared McCann, Andrei Svechnikov, Alex Killorn, Tomas Tatar

Scratches
Mike Reilly (Healthy)

% Time on Ice - NASHVILLE Predators

Lines # - Real PCT - Wanted PCT - Time Play
Normal Forward
1 - 34% - 40% - 13:59
2 - 30% - 30% - 12:16
3 - 19% - 20% - 7:42
4 - 16% - 10% - 6:37
Normal Defense
1 - 37% - 40% - 15:11
2 - 29% - 30% - 11:48
3 - 28% - 20% - 11:28
4 - 5% - 10% - 2:07
PP Forward
1 - 56% - 60% - 4:40
2 - 44% - 40% - 3:38
PP Defense
1 - 63% - 60% - 5:15
2 - 37% - 40% - 3:03
PK Forward
1 - 72% - 60% - 7:23
2 - 28% - 40% - 2:54
PK Defense
1 - 49% - 60% - 5:02
2 - 51% - 40% - 5:15
PK3 Forward
1 - 0% - 60%
2 - 0% - 40%
PK3 Defense
1 - 0% - 60%
2 - 0% - 40%
44 Forward
1 - 0% - 60%
2 - 0% - 40%
44 Defense
1 - 0% - 60%
2 - 0% - 40%
Last Minute Offensive  - 0:00
Last Minute Defensive  - 0:51
Total
Forward - 60:00
Defense - 60:00

% Time on Ice - VEGAS Golden Knights

Lines # - Real PCT - Wanted PCT - Time Play
Normal Forward
1 - 35% - 36% - 14:22
2 - 27% - 30% - 11:04
3 - 23% - 25% - 9:25
4 - 15% - 9% - 6:16
Normal Defense
1 - 39% - 40% - 15:55
2 - 36% - 33% - 14:59
3 - 25% - 22% - 10:13
4 - 0% - 5% - 0:00
PP Forward
1 - 56% - 65% - 5:48
2 - 44% - 35% - 4:29
PP Defense
1 - 61% - 65% - 6:19
2 - 39% - 35% - 3:58
PK Forward
1 - 62% - 60% - 5:09
2 - 38% - 40% - 3:09
PK Defense
1 - 62% - 60% - 5:10
2 - 38% - 40% - 3:08
PK3 Forward
1 - 0% - 60%
2 - 0% - 40%
PK3 Defense
1 - 0% - 60%
2 - 0% - 40%
44 Forward
1 - 0% - 60%
2 - 0% - 40%
44 Defense
1 - 0% - 60%
2 - 0% - 40%
Last Minute Offensive  - 0:18
Last Minute Defensive  - 0:00
Total
Forward - 60:00
Defense - 60:00

Play-by-Play

1st period


0:01 of 1st period - Sebastian Aho wins face-off versus Aleksander Barkov in neutral zone.
0:18 of 1st period - Shot by Jared McCann.
0:18 of 1st period - Stopped by Juuse Saros with a rebound.
0:20 of 1st period - Shot by Sebastian Aho.
0:20 of 1st period - Shot Misses the Net.
0:25 of 1st period - Sebastian Aho is hit by Jaccob Slavin and loses puck.
0:38 of 1st period - Shot by Sebastian Aho.
0:38 of 1st period - Shot Misses the Net.
0:40 of 1st period - Shot by Tomas Tatar.
0:40 of 1st period - Stopped by Juuse Saros without a rebound.
0:41 of 1st period - Mikael Granlund wins face-off versus Dylan Larkin in NASHVILLE Predators zone.
0:45 of 1st period - Minor Penalty to Luke Schenn for Roughing.
0:46 of 1st period - Colton Sissons wins face-off versus Jean-Gabriel Pageau in NASHVILLE Predators zone.
0:59 of 1st period - Shot by Andrei Svechnikov.
0:59 of 1st period - Shot Blocked by Esa Lindell.
1:01 of 1st period - Shot by Noah Hanifin.
1:01 of 1st period - Shot Misses the Net.
1:03 of 1st period - Shot by Tomas Tatar.
1:03 of 1st period - Deflect By Filip Chytil.
1:03 of 1st period - Shot Misses the Net.
1:05 of 1st period - Shot by Filip Chytil.
1:05 of 1st period - Shot Blocked by Esa Lindell.
1:07 of 1st period - Shot by Noah Hanifin.
1:07 of 1st period - Deflect By Filip Chytil.
1:07 of 1st period - Goal by Filip Chytil - NASHVILLE Predators : 0 - VEGAS Golden Knights : 1.
1:08 of 1st period - Noel Acciari wins face-off versus Dylan Larkin in neutral zone.
1:08 of 1st period - Noel Acciari is hit by Pavel Zacha.
1:12 of 1st period - Esa Lindell is hit by Noel Acciari and loses puck.
1:29 of 1st period - Shot by Noel Acciari.
1:29 of 1st period - Stopped by Juuse Saros without a rebound.
1:30 of 1st period - Jean-Gabriel Pageau wins face-off versus Colton Sissons in NASHVILLE Predators zone.
1:30 of 1st period - Jean-Gabriel Pageau is hit by Colton Sissons.
1:44 of 1st period - Reilly Smith is hit by Tony DeAngelo and loses puck.
1:48 of 1st period - Reilly Smith is hit by Tony DeAngelo and loses puck.
1:56 of 1st period - Jean-Gabriel Pageau is hit by Noah Hanifin and loses puck.
1:58 of 1st period - Minor Penalty to Noah Hanifin for Slashing.
1:59 of 1st period - Colton Sissons wins face-off versus Aleksander Barkov in VEGAS Golden Knights zone.
2:11 of 1st period - Shot by Johnny Gaudreau.
2:11 of 1st period - Stopped by Anton Forsberg without a rebound.
2:12 of 1st period - Colton Sissons wins face-off versus Pavel Zacha in VEGAS Golden Knights zone.
2:12 of 1st period - Colton Sissons is hit by Reilly Smith.
2:38 of 1st period - Shot by Dylan Larkin.
2:38 of 1st period - Shot Misses the Net.
2:40 of 1st period - Shot by Brent Burns.
2:40 of 1st period - Shot Misses the Net.
2:42 of 1st period - Shot by Jaccob Slavin.
2:42 of 1st period - Shot Misses the Net.
2:50 of 1st period - Shot by Pavel Zacha.
2:50 of 1st period - Shot Misses the Net.
2:52 of 1st period - Shot by Brent Burns.
2:52 of 1st period - Stopped by Anton Forsberg without a rebound.
2:53 of 1st period - Alex DeBrincat wins face-off versus Colton Sissons in VEGAS Golden Knights zone.
2:57 of 1st period - Shot by Esa Lindell.
2:57 of 1st period - Shot Misses the Net.
2:59 of 1st period - Shot by Esa Lindell.
2:59 of 1st period - Stopped by Anton Forsberg without a rebound.
3:00 of 1st period - Colton Sissons wins face-off versus Aleksander Barkov in VEGAS Golden Knights zone.
3:19 of 1st period - Shot by Johnny Gaudreau.
3:19 of 1st period - Stopped by Anton Forsberg without a rebound.
3:20 of 1st period - Dylan Larkin wins face-off versus Colton Sissons in VEGAS Golden Knights zone.
3:21 of 1st period - Shot by Brent Burns.
3:21 of 1st period - Shot Blocked by Olli Maatta.
3:23 of 1st period - Shot by Reilly Smith.
3:23 of 1st period - Stopped by Anton Forsberg without a rebound.
3:24 of 1st period - Colton Sissons wins face-off versus Alex DeBrincat in VEGAS Golden Knights zone.
4:24 of 1st period - Luke Schenn is hit by Noah Hanifin and loses puck.
5:50 of 1st period - Adam Larsson is hit by Jean-Gabriel Pageau and loses puck.
6:37 of 1st period - Shot by Alex DeBrincat.
6:37 of 1st period - Stopped by Anton Forsberg without a rebound.
6:38 of 1st period - Dylan Larkin wins face-off versus Tomas Tatar in VEGAS Golden Knights zone.
7:47 of 1st period - Icing by Jordan Oesterle.
7:48 of 1st period - Aleksander Barkov wins face-off versus Mikael Granlund in VEGAS Golden Knights zone.
7:59 of 1st period - Shot by Andrei Svechnikov.
7:59 of 1st period - Shot Misses the Net.
8:02 of 1st period - Icing by Brent Burns.
8:03 of 1st period - Aleksander Barkov wins face-off versus Colton Sissons in NASHVILLE Predators zone.
8:12 of 1st period - Shot by Tanner Jeannot.
8:12 of 1st period - Shot Blocked by Adam Larsson.
8:14 of 1st period - Shot by Aleksander Barkov.
8:14 of 1st period - Shot Misses the Net.
8:16 of 1st period - Shot by Brent Burns.
8:16 of 1st period - Stopped by Anton Forsberg with a rebound.
8:23 of 1st period - Aleksander Barkov is hit by Adam Larsson and loses puck.
8:28 of 1st period - Shot by Brent Burns.
8:28 of 1st period - Shot Misses the Net.
8:41 of 1st period - Icing by Adam Larsson.
8:42 of 1st period - Jean-Gabriel Pageau wins face-off versus Colton Sissons in VEGAS Golden Knights zone.
9:20 of 1st period - Shot by Andrei Svechnikov.
9:20 of 1st period - Shot Misses the Net.
10:00 of 1st period - Pavel Zacha is hit by Noah Hanifin and loses puck.
10:12 of 1st period - Dylan Larkin is hit by Noah Hanifin and loses puck.
10:41 of 1st period - Jordan Oesterle is hit by Tanner Jeannot.
11:55 of 1st period - Shot by Dylan Gambrell.
11:55 of 1st period - Deflect By Jonatan Berggren.
11:55 of 1st period - Shot Misses the Net.
11:57 of 1st period - Shot by Dylan Gambrell.
11:57 of 1st period - Shot Misses the Net.
11:58 of 1st period - Minor Penalty to Adam Larsson for High sticking.
11:59 of 1st period - Colton Sissons wins face-off versus Dylan Larkin in VEGAS Golden Knights zone.
12:10 of 1st period - Shot by Dylan Larkin.
12:10 of 1st period - Shot Misses the Net.
12:27 of 1st period - Reilly Smith is hit by Jordan Oesterle and loses puck.
13:02 of 1st period - Icing by Jaccob Slavin.
13:03 of 1st period - Noel Acciari wins face-off versus Aleksander Barkov in NASHVILLE Predators zone.
13:04 of 1st period - Shot by Alex Killorn.
13:04 of 1st period - Stopped by Juuse Saros with a rebound.
13:06 of 1st period - Shot by Olli Maatta.
13:06 of 1st period - Goal by Olli Maatta - NASHVILLE Predators : 0 - VEGAS Golden Knights : 2.
13:07 of 1st period - Colton Sissons wins face-off versus Dylan Larkin in neutral zone.
13:28 of 1st period - Shot by Brent Burns.
13:28 of 1st period - Shot Misses the Net.
13:49 of 1st period - Icing by Johnny Gaudreau.
13:50 of 1st period - Colton Sissons wins face-off versus Aleksander Barkov in NASHVILLE Predators zone.
14:25 of 1st period - Shot by Mikael Granlund.
14:25 of 1st period - Stopped by Juuse Saros without a rebound.
14:26 of 1st period - Noel Acciari wins face-off versus Aleksander Barkov in NASHVILLE Predators zone.
14:26 of 1st period - Noel Acciari is hit by Travis Hamonic.
14:45 of 1st period - Aleksander Barkov is hit by Adam Larsson and loses puck.
14:48 of 1st period - Shot by Travis Hamonic.
14:48 of 1st period - Stopped by Anton Forsberg without a rebound.
14:49 of 1st period - Dylan Larkin wins face-off versus Sebastian Aho in VEGAS Golden Knights zone.
14:49 of 1st period - Dylan Larkin is hit by Brenden Dillon.
14:50 of 1st period - Minor Penalty to Jordan Oesterle for Cross-checking.
14:51 of 1st period - Aleksander Barkov wins face-off versus Colton Sissons in VEGAS Golden Knights zone.
14:54 of 1st period - Shot by Aleksander Barkov.
14:54 of 1st period - Stopped by Anton Forsberg without a rebound.
14:55 of 1st period - Aleksander Barkov wins face-off versus Colton Sissons in VEGAS Golden Knights zone.
15:10 of 1st period - Shot by Brent Burns.
15:10 of 1st period - Shot Blocked by Noah Hanifin.
15:12 of 1st period - Shot by Jaccob Slavin.
15:12 of 1st period - Goal by Jaccob Slavin - NASHVILLE Predators : 1 - VEGAS Golden Knights : 2.
15:13 of 1st period - Mikael Granlund wins face-off versus Jean-Gabriel Pageau in neutral zone.
15:26 of 1st period - Adam Larsson is hit by Jean-Gabriel Pageau and loses puck.
15:34 of 1st period - Reilly Smith is hit by Olli Maatta and loses puck.
16:41 of 1st period - Shot by Sebastian Aho.
16:41 of 1st period - Stopped by Juuse Saros without a rebound.
16:42 of 1st period - Dylan Larkin wins face-off versus Colton Sissons in NASHVILLE Predators zone.
16:42 of 1st period - Dylan Larkin is hit by Filip Chytil.
17:07 of 1st period - Shot by Evgenii Dadonov.
17:07 of 1st period - Stopped by Juuse Saros with a rebound.
17:21 of 1st period - Shot by Evgenii Dadonov.
17:21 of 1st period - Deflect By Colton Sissons.
17:21 of 1st period - Stopped by Juuse Saros without a rebound.
17:22 of 1st period - Sebastian Aho wins face-off versus Aleksander Barkov in NASHVILLE Predators zone.
17:28 of 1st period - Off-side.
17:29 of 1st period - Sebastian Aho wins face-off versus Aleksander Barkov in neutral zone.
19:59 of 1st period - Off-side.
Goals for this period are 1 for NASHVILLE Predators vs 2 for VEGAS Golden Knights.
Shots for this period are 10 for NASHVILLE Predators vs 10 for VEGAS Golden Knights.

2nd period


0:01 of 2nd period - Aleksander Barkov wins face-off versus Sebastian Aho in neutral zone.
0:10 of 2nd period - Icing by Sebastian Aho.
0:11 of 2nd period - Pavel Zacha wins face-off versus Sebastian Aho in VEGAS Golden Knights zone.
0:11 of 2nd period - Brent Burns is hit by Adam Larsson and loses puck.
0:16 of 2nd period - Shot by Dylan Larkin.
0:16 of 2nd period - Shot Misses the Net.
0:18 of 2nd period - Shot by Jaccob Slavin.
0:18 of 2nd period - Shot Blocked by Adam Larsson.
0:32 of 2nd period - Shot by Pavel Zacha.
0:32 of 2nd period - Stopped by Anton Forsberg without a rebound.
0:33 of 2nd period - Aleksander Barkov wins face-off versus Colton Sissons in VEGAS Golden Knights zone.
0:46 of 2nd period - Shot by Filip Chytil.
0:46 of 2nd period - Shot Misses the Net.
0:48 of 2nd period - Shot by Evgenii Dadonov.
0:48 of 2nd period - Shot Misses the Net.
0:50 of 2nd period - Shot by Colton Sissons.
0:50 of 2nd period - Shot Hit the Post.
0:52 of 2nd period - Shot by Evgenii Dadonov.
0:52 of 2nd period - Shot Misses the Net.
0:54 of 2nd period - Shot by Noah Hanifin.
0:54 of 2nd period - Shot Misses the Net.
1:14 of 2nd period - Shot by Noah Hanifin.
1:14 of 2nd period - Stopped by Juuse Saros with a rebound.
1:39 of 2nd period - Icing by Sebastian Aho.
1:40 of 2nd period - Sebastian Aho wins face-off versus Pavel Zacha in VEGAS Golden Knights zone.
2:01 of 2nd period - Shot by Dylan Larkin.
2:01 of 2nd period - Stopped by Anton Forsberg without a rebound.
2:02 of 2nd period - Jean-Gabriel Pageau wins face-off versus Mikael Granlund in VEGAS Golden Knights zone.
2:02 of 2nd period - Jean-Gabriel Pageau is hit by Brenden Dillon.
2:06 of 2nd period - Shot by Jimmy Vesey.
2:06 of 2nd period - Stopped by Anton Forsberg without a rebound.
2:07 of 2nd period - Mikael Granlund wins face-off versus Jean-Gabriel Pageau in VEGAS Golden Knights zone.
2:26 of 2nd period - Shot by Jimmy Vesey.
2:26 of 2nd period - Deflect By Jean-Gabriel Pageau.
2:26 of 2nd period - Stopped by Anton Forsberg with a rebound.
2:28 of 2nd period - Shot by Brent Burns.
2:28 of 2nd period - Shot Blocked by Tony DeAngelo.
2:30 of 2nd period - Shot by Jean-Gabriel Pageau.
2:30 of 2nd period - Goal by Jean-Gabriel Pageau - NASHVILLE Predators : 2 - VEGAS Golden Knights : 2.
2:31 of 2nd period - Jared McCann wins face-off versus Aleksander Barkov in neutral zone.
2:37 of 2nd period - Off-side.
2:38 of 2nd period - Sebastian Aho wins face-off versus Aleksander Barkov in neutral zone.
3:02 of 2nd period - Shot by Alex DeBrincat.
3:02 of 2nd period - Deflect By Aleksander Barkov.
3:02 of 2nd period - Stopped by Anton Forsberg without a rebound.
3:03 of 2nd period - Johnny Gaudreau wins face-off versus Alex Killorn in VEGAS Golden Knights zone.
3:22 of 2nd period - Noah Hanifin is hit by Dylan Larkin and loses puck.
3:48 of 2nd period - Minor Penalty to Alex Killorn for Holding.
3:49 of 2nd period - Aleksander Barkov wins face-off versus Colton Sissons in VEGAS Golden Knights zone.
4:00 of 2nd period - Shot by Brent Burns.
4:00 of 2nd period - Shot Misses the Net.
4:02 of 2nd period - Shot by Aleksander Barkov.
4:02 of 2nd period - Deflect By Johnny Gaudreau.
4:02 of 2nd period - Stopped by Anton Forsberg with a rebound.
4:38 of 2nd period - Shot by Colton Sissons.
4:38 of 2nd period - Shot Blocked by Esa Lindell.
5:00 of 2nd period - Shot by Pavel Zacha.
5:00 of 2nd period - Shot Blocked by Adam Larsson.
6:39 of 2nd period - Shot by Jean-Gabriel Pageau.
6:39 of 2nd period - Stopped by Anton Forsberg without a rebound.
6:40 of 2nd period - Sebastian Aho wins face-off versus Jimmy Vesey in VEGAS Golden Knights zone.
6:47 of 2nd period - Shot by Jimmy Vesey.
6:47 of 2nd period - Shot Blocked by Adam Larsson.
6:49 of 2nd period - Shot by Jean-Gabriel Pageau.
6:49 of 2nd period - Stopped by Anton Forsberg without a rebound.
6:50 of 2nd period - Colton Sissons wins face-off versus Dylan Larkin in VEGAS Golden Knights zone.
6:50 of 2nd period - Adam Larsson is hit by Johnny Gaudreau and loses puck.
6:54 of 2nd period - Icing by Adam Larsson.
6:55 of 2nd period - Aleksander Barkov wins face-off versus Colton Sissons in VEGAS Golden Knights zone.
6:58 of 2nd period - Shot by Alex DeBrincat.
6:58 of 2nd period - Stopped by Anton Forsberg without a rebound.
6:59 of 2nd period - Aleksander Barkov wins face-off versus Sebastian Aho in VEGAS Golden Knights zone.
7:02 of 2nd period - Shot by Tanner Jeannot.
7:02 of 2nd period - Shot Blocked by Olli Maatta.
7:04 of 2nd period - Shot by Tanner Jeannot.
7:04 of 2nd period - Shot Misses the Net.
7:12 of 2nd period - Shot by Alex DeBrincat.
7:12 of 2nd period - Shot Blocked by Olli Maatta.
7:14 of 2nd period - Shot by Jaccob Slavin.
7:14 of 2nd period - Stopped by Anton Forsberg without a rebound.
7:15 of 2nd period - Dylan Larkin wins face-off versus Colton Sissons in VEGAS Golden Knights zone.
7:16 of 2nd period - Shot by Johnny Gaudreau.
7:16 of 2nd period - Stopped by Anton Forsberg without a rebound.
7:17 of 2nd period - Aleksander Barkov wins face-off versus Sebastian Aho in VEGAS Golden Knights zone.
7:30 of 2nd period - Alex DeBrincat is hit by Sebastian Aho and loses puck.
8:06 of 2nd period - Sebastian Aho is hit by Alex DeBrincat.
8:36 of 2nd period - Noah Hanifin is hit by Pavel Zacha and loses puck.
8:46 of 2nd period - Tony DeAngelo is hit by Luke Schenn and loses puck.
8:49 of 2nd period - Shot by Colton Sissons.
8:49 of 2nd period - Stopped by Juuse Saros without a rebound.
8:50 of 2nd period - Noel Acciari wins face-off versus Jean-Gabriel Pageau in NASHVILLE Predators zone.
8:50 of 2nd period - Noel Acciari is hit by Travis Hamonic.
9:22 of 2nd period - Minor Penalty to Dmitry Kulikov for Interference.
9:23 of 2nd period - Jean-Gabriel Pageau wins face-off versus Sebastian Aho in NASHVILLE Predators zone.
10:16 of 2nd period - Shot by Tanner Jeannot.
10:16 of 2nd period - Stopped by Anton Forsberg without a rebound.
10:17 of 2nd period - Colton Sissons wins face-off versus Pavel Zacha in VEGAS Golden Knights zone.
11:15 of 2nd period - Shot by Noah Hanifin.
11:15 of 2nd period - Shot Blocked by Esa Lindell.
11:17 of 2nd period - Shot by Jared McCann.
11:17 of 2nd period - Shot Blocked by Luke Schenn.
11:28 of 2nd period - Minor Penalty to Noel Acciari for Delaying the game.
11:29 of 2nd period - Colton Sissons wins face-off versus Aleksander Barkov in VEGAS Golden Knights zone.
11:48 of 2nd period - Shot by Aleksander Barkov.
11:48 of 2nd period - Stopped by Anton Forsberg without a rebound.
11:49 of 2nd period - Colton Sissons wins face-off versus Dylan Larkin in VEGAS Golden Knights zone.
11:49 of 2nd period - Olli Maatta is hit by Pavel Zacha and loses puck.
11:54 of 2nd period - Shot by Dylan Larkin.
11:54 of 2nd period - Shot Blocked by Alex Killorn.
12:05 of 2nd period - Icing by Travis Hamonic.
12:06 of 2nd period - Colton Sissons wins face-off versus Dylan Larkin in NASHVILLE Predators zone.
12:17 of 2nd period - Shot by Esa Lindell.
12:17 of 2nd period - Shot Misses the Net.
13:19 of 2nd period - Shot by Johnny Gaudreau.
13:19 of 2nd period - Deflect By Aleksander Barkov.
13:19 of 2nd period - Shot Misses the Net.
13:21 of 2nd period - Shot by Alex DeBrincat.
13:21 of 2nd period - Stopped by Anton Forsberg without a rebound.
13:22 of 2nd period - Colton Sissons wins face-off versus Aleksander Barkov in VEGAS Golden Knights zone.
13:34 of 2nd period - Icing by Tony DeAngelo.
13:35 of 2nd period - Dylan Gambrell wins face-off versus Noel Acciari in VEGAS Golden Knights zone.
14:38 of 2nd period - Shot by Sebastian Aho.
14:38 of 2nd period - Stopped by Juuse Saros without a rebound.
14:39 of 2nd period - Mikael Granlund wins face-off versus Aleksander Barkov in NASHVILLE Predators zone.
14:47 of 2nd period - Icing by Brent Burns.
14:48 of 2nd period - Aleksander Barkov wins face-off versus Jared McCann in NASHVILLE Predators zone.
15:02 of 2nd period - Aleksander Barkov is hit by Adam Larsson.
15:07 of 2nd period - Icing by Jared McCann.
15:08 of 2nd period - Sebastian Aho wins face-off versus Dylan Larkin in VEGAS Golden Knights zone.
15:08 of 2nd period - Sebastian Aho is hit by Pavel Zacha.
15:17 of 2nd period - Minor Penalty to Dylan Larkin for Tripping.
15:18 of 2nd period - Jean-Gabriel Pageau wins face-off versus Sebastian Aho in NASHVILLE Predators zone.
15:30 of 2nd period - Jaccob Slavin is hit by Alex Killorn and loses puck.
15:48 of 2nd period - Shot by Sebastian Aho.
15:48 of 2nd period - Stopped by Juuse Saros without a rebound.
15:49 of 2nd period - Colton Sissons wins face-off versus Jean-Gabriel Pageau in NASHVILLE Predators zone.
15:50 of 2nd period - Shot by Filip Chytil.
15:50 of 2nd period - Stopped by Juuse Saros with a rebound.
16:02 of 2nd period - Shot by Tony DeAngelo.
16:02 of 2nd period - Shot Misses the Net.
16:04 of 2nd period - Shot by Colton Sissons.
16:04 of 2nd period - Shot Misses the Net.
16:06 of 2nd period - Shot by Tony DeAngelo.
16:06 of 2nd period - Deflect By Filip Chytil.
16:06 of 2nd period - Shot Misses the Net.
16:08 of 2nd period - Shot by Filip Chytil.
16:08 of 2nd period - Shot Misses the Net.
16:10 of 2nd period - Shot by Tony DeAngelo.
16:10 of 2nd period - Shot Misses the Net.
16:12 of 2nd period - Shot by Tony DeAngelo.
16:12 of 2nd period - Stopped by Juuse Saros without a rebound.
16:13 of 2nd period - Sebastian Aho wins face-off versus Pavel Zacha in NASHVILLE Predators zone.
16:36 of 2nd period - Shot by Sebastian Aho.
16:36 of 2nd period - Shot Blocked by Pavel Zacha.
17:19 of 2nd period - Brent Burns is hit by Adam Larsson and loses puck.
17:28 of 2nd period - Shot by Esa Lindell.
17:28 of 2nd period - Shot Misses the Net.
17:30 of 2nd period - Shot by Esa Lindell.
17:30 of 2nd period - Stopped by Anton Forsberg without a rebound.
17:31 of 2nd period - Dylan Larkin wins face-off versus Colton Sissons in VEGAS Golden Knights zone.
17:46 of 2nd period - Icing by Jaccob Slavin.
17:47 of 2nd period - Noel Acciari wins face-off versus Dylan Larkin in NASHVILLE Predators zone.
17:57 of 2nd period - Minor Penalty to Johnny Gaudreau for High sticking.
17:58 of 2nd period - Jean-Gabriel Pageau wins face-off versus Alex Killorn in NASHVILLE Predators zone.
18:21 of 2nd period - Noah Hanifin is hit by Tanner Jeannot and loses puck.
19:06 of 2nd period - Shot by Tomas Tatar.
19:06 of 2nd period - Stopped by Juuse Saros without a rebound.
19:07 of 2nd period - Jean-Gabriel Pageau wins face-off versus Colton Sissons in NASHVILLE Predators zone.
19:07 of 2nd period - Jean-Gabriel Pageau is hit by Colton Sissons.
19:17 of 2nd period - Shot by Tony DeAngelo.
19:17 of 2nd period - Deflect By Filip Chytil.
19:17 of 2nd period - Stopped by Juuse Saros without a rebound.
19:18 of 2nd period - Sebastian Aho wins face-off versus Jean-Gabriel Pageau in NASHVILLE Predators zone.
19:41 of 2nd period - Shot by Alex Killorn.
19:41 of 2nd period - Shot Misses the Net.
19:43 of 2nd period - Shot by Sebastian Aho.
19:43 of 2nd period - Shot Blocked by Jaccob Slavin.
19:45 of 2nd period - Shot by Andrei Svechnikov.
19:45 of 2nd period - Stopped by Juuse Saros without a rebound.
19:46 of 2nd period - Jean-Gabriel Pageau wins face-off versus Colton Sissons in NASHVILLE Predators zone.
19:54 of 2nd period - Tony DeAngelo is hit by Pavel Zacha and loses puck.
Goals for this period are 1 for NASHVILLE Predators vs 0 for VEGAS Golden Knights.
Shots for this period are 16 for NASHVILLE Predators vs 9 for VEGAS Golden Knights.

3rd period


0:01 of 3rd period - Aleksander Barkov wins face-off versus Sebastian Aho in neutral zone.
0:10 of 3rd period - Shot by Alex DeBrincat.
0:10 of 3rd period - Deflect By Tanner Jeannot.
0:10 of 3rd period - Goal by Tanner Jeannot - NASHVILLE Predators : 3 - VEGAS Golden Knights : 2.
0:11 of 3rd period - Pavel Zacha wins face-off versus Alex Killorn in neutral zone.
0:11 of 3rd period - Brent Burns is hit by Andrei Svechnikov and loses puck.
0:26 of 3rd period - Shot by Andrei Svechnikov.
0:26 of 3rd period - Shot Misses the Net.
0:55 of 3rd period - Shot by Mikael Granlund.
0:55 of 3rd period - Shot Misses the Net.
1:02 of 3rd period - Minor Penalty to Pavel Zacha for Roughing.
1:03 of 3rd period - Jean-Gabriel Pageau wins face-off versus Colton Sissons in NASHVILLE Predators zone.
1:58 of 3rd period - Sebastian Aho is hit by Luke Schenn and loses puck.
2:01 of 3rd period - Shot by Mikael Granlund.
2:01 of 3rd period - Stopped by Juuse Saros without a rebound.
2:02 of 3rd period - Jean-Gabriel Pageau wins face-off versus Colton Sissons in NASHVILLE Predators zone.
2:02 of 3rd period - Jean-Gabriel Pageau is hit by Tomas Tatar.
2:12 of 3rd period - Shot by Colton Sissons.
2:12 of 3rd period - Shot Misses the Net.
2:14 of 3rd period - Shot by Tomas Tatar.
2:14 of 3rd period - Shot Misses the Net.
2:16 of 3rd period - Shot by Colton Sissons.
2:16 of 3rd period - Shot Misses the Net.
2:18 of 3rd period - Shot by Colton Sissons.
2:18 of 3rd period - Stopped by Juuse Saros without a rebound.
2:19 of 3rd period - Sebastian Aho wins face-off versus Jimmy Vesey in NASHVILLE Predators zone.
3:17 of 3rd period - Shot by Dylan Larkin.
3:17 of 3rd period - Stopped by Anton Forsberg with a rebound.
3:52 of 3rd period - Icing by Adam Larsson.
3:53 of 3rd period - Aleksander Barkov wins face-off versus Noel Acciari in VEGAS Golden Knights zone.
4:15 of 3rd period - Shot by Aleksander Barkov.
4:15 of 3rd period - Stopped by Anton Forsberg without a rebound.
4:16 of 3rd period - Jean-Gabriel Pageau wins face-off versus Sebastian Aho in VEGAS Golden Knights zone.
4:45 of 3rd period - Shot by Jean-Gabriel Pageau.
4:45 of 3rd period - Shot Misses the Net.
6:00 of 3rd period - Shot by Johnny Gaudreau.
6:00 of 3rd period - Stopped by Anton Forsberg without a rebound.
6:01 of 3rd period - Colton Sissons wins face-off versus Dylan Larkin in VEGAS Golden Knights zone.
6:43 of 3rd period - Shot by Colton Sissons.
6:43 of 3rd period - Stopped by Juuse Saros with a rebound.
6:45 of 3rd period - Shot by Adam Larsson.
6:45 of 3rd period - Shot Blocked by Dmitry Kulikov.
6:52 of 3rd period - Icing by Dmitry Kulikov.
6:53 of 3rd period - Dylan Larkin wins face-off versus Mikael Granlund in NASHVILLE Predators zone.
8:31 of 3rd period - Icing by Adam Larsson.
8:32 of 3rd period - Noel Acciari wins face-off versus Dylan Gambrell in VEGAS Golden Knights zone.
9:54 of 3rd period - Tomas Tatar is hit by Aleksander Barkov and loses puck.
10:10 of 3rd period - Icing by Jared McCann.
10:11 of 3rd period - Sebastian Aho wins face-off versus Dylan Larkin in VEGAS Golden Knights zone.
10:26 of 3rd period - Shot by Pavel Zacha.
10:26 of 3rd period - Stopped by Anton Forsberg without a rebound.
10:27 of 3rd period - Evgenii Dadonov wins face-off versus Jean-Gabriel Pageau in VEGAS Golden Knights zone.
10:27 of 3rd period - Colton Sissons is hit by Jean-Gabriel Pageau and loses puck.
11:01 of 3rd period - Shot by Jean-Gabriel Pageau.
11:01 of 3rd period - Shot Misses the Net.
11:39 of 3rd period - Shot by Alex DeBrincat.
11:39 of 3rd period - Deflect By Aleksander Barkov.
11:39 of 3rd period - Stopped by Anton Forsberg with a rebound.
11:45 of 3rd period - Shot by Aleksander Barkov.
11:45 of 3rd period - Shot Misses the Net.
11:50 of 3rd period - Aleksander Barkov is hit by Brenden Dillon.
11:56 of 3rd period - Shot by Tanner Jeannot.
11:56 of 3rd period - Shot Blocked by Brenden Dillon.
11:58 of 3rd period - Shot by Aleksander Barkov.
11:58 of 3rd period - Shot Blocked by Brenden Dillon.
12:15 of 3rd period - Dylan Larkin is hit by Tony DeAngelo and loses puck.
12:22 of 3rd period - Shot by Pavel Zacha.
12:22 of 3rd period - Stopped by Anton Forsberg without a rebound.
12:23 of 3rd period - Dylan Gambrell wins face-off versus Sebastian Aho in VEGAS Golden Knights zone.
12:26 of 3rd period - Shot by Dylan Gambrell.
12:26 of 3rd period - Shot Misses the Net.
12:31 of 3rd period - Off-side.
12:32 of 3rd period - Sebastian Aho wins face-off versus Dylan Larkin in neutral zone.
12:36 of 3rd period - Tomas Tatar is hit by Luke Schenn and loses puck.
12:57 of 3rd period - Shot by Johnny Gaudreau.
12:57 of 3rd period - Shot Blocked by Adam Larsson.
13:01 of 3rd period - Shot by Pavel Zacha.
13:01 of 3rd period - Stopped by Anton Forsberg without a rebound.
13:02 of 3rd period - Aleksander Barkov wins face-off versus Colton Sissons in VEGAS Golden Knights zone.
13:08 of 3rd period - Colton Sissons is hit by Tanner Jeannot and loses puck.
13:14 of 3rd period - Minor Penalty to Tanner Jeannot for Delaying the game.
13:15 of 3rd period - Sebastian Aho wins face-off versus Jean-Gabriel Pageau in NASHVILLE Predators zone.
13:55 of 3rd period - Shot by Alex Killorn.
13:55 of 3rd period - Shot Misses the Net.
15:23 of 3rd period - Adam Larsson is hit by Nicholas Robertson and loses puck.
15:39 of 3rd period - Icing by Brent Burns.
15:40 of 3rd period - Colton Sissons wins face-off versus Dylan Gambrell in NASHVILLE Predators zone.
16:37 of 3rd period - Shot by Olli Maatta.
16:37 of 3rd period - Stopped by Juuse Saros without a rebound.
16:38 of 3rd period - Sebastian Aho wins face-off versus Aleksander Barkov in NASHVILLE Predators zone.
16:48 of 3rd period - Icing by Travis Hamonic.
16:49 of 3rd period - Aleksander Barkov wins face-off versus Mikael Granlund in NASHVILLE Predators zone.
17:00 of 3rd period - Shot by Andrei Svechnikov.
17:00 of 3rd period - Shot Blocked by Dmitry Kulikov.
17:02 of 3rd period - Shot by Adam Larsson.
17:02 of 3rd period - Stopped by Juuse Saros without a rebound.
17:03 of 3rd period - Dylan Larkin wins face-off versus Sebastian Aho in NASHVILLE Predators zone.
17:14 of 3rd period - Shot by Dylan Larkin.
17:14 of 3rd period - Shot Misses the Net.
17:23 of 3rd period - Johnny Gaudreau is hit by Noah Hanifin and loses puck.
17:33 of 3rd period - Pavel Zacha is hit by Tony DeAngelo and loses puck.
17:43 of 3rd period - Dylan Larkin is hit by Noah Hanifin.
18:30 of 3rd period - Shot by Aleksander Barkov.
18:30 of 3rd period - Stopped by Anton Forsberg with a rebound.
18:44 of 3rd period - Esa Lindell is hit by Andrei Svechnikov and loses puck.
18:47 of 3rd period - VEGAS Golden Knights, Anton Forsberg is pulled from the net.
18:51 of 3rd period - Shot by Alex Killorn.
18:51 of 3rd period - Stopped by Juuse Saros without a rebound.
18:52 of 3rd period - Jonatan Berggren wins face-off versus Colton Sissons in NASHVILLE Predators zone.
19:08 of 3rd period - Icing by Filip Chytil.
19:09 of 3rd period - Anton Forsberg from VEGAS Golden Knights was sent back in the game.
19:09 of 3rd period - Colton Sissons wins face-off versus Aleksander Barkov in VEGAS Golden Knights zone.
19:11 of 3rd period - Brenden Dillon is hit by Alex DeBrincat.
19:15 of 3rd period - VEGAS Golden Knights, Anton Forsberg is pulled from the net.
19:24 of 3rd period - Alex DeBrincat is hit by Brenden Dillon.
19:41 of 3rd period - Off-side.
19:42 of 3rd period - Jared McCann wins face-off versus Aleksander Barkov in neutral zone.
Goals for this period are 1 for NASHVILLE Predators vs 0 for VEGAS Golden Knights.
Shots for this period are 9 for NASHVILLE Predators vs 6 for VEGAS Golden Knights. Output by the SimonT Hockey Simulator (STHS) for Martin Benoit - Original Page W3C HTML5 Valid
Hockey Simulator - Hockey Simulation - Hockey Manager